 Dungeon Crawl Stone Soup version 0.29-a0-364-g921d912d32 (webtiles) character file.

Game seed: 11459190991839816996

257 spiderkeys the Skirmisher (level 5, -5/42 HPs)
             Began as a Mummy Abyssal Knight on Apr 30, 2022.
             Was a Priest of Lugonu.
             Slain by a river rat (8 damage)
             ... on level 3 of the Dungeon.
             The game lasted 00:06:31 (3616 turns).

spiderkeys the Skirmisher (Mummy Abyssal Knight)    Turns: 3616, Time: 00:06:32

Health: -5/42      AC:  6    Str: 16    XL:     5   Next: 93%
Magic:  7/7        EV: 11    Int: 12    God:    Lugonu [***...]
Gold:   125        SH:  0    Dex: 12    Spells: 4/4 levels left

rFire   x . .      SeeInvis .   a - +1 spear
rCold   + . .      Faith    .   (no shield)
rNeg    + + +      Spirit   .   h - +0 ring mail
rPois   ∞          Reflect  .   (no helmet)
rElec   .          Harm     .   n - +0 cloak
rCorr   .          Rampage  .   (no gloves)
Will    .....                   (no boots)
Stlth   +.........              (no amulet)
HPRegen 0.14/turn               (no ring)
MPRegen 0.10/turn               (no ring)

@: very slow
A: cold resistance 1, negative energy resistance 3, torment resistance 2, heat
vulnerability 1, in touch with death 1, no potions
a: Renounce Religion, Depart the Abyss, Bend Space, Banish


You were on level 3 of the Dungeon.
You worshipped Lugonu.
Lugonu was most pleased with you.
You visited 1 branch of the dungeon, and saw 3 of its levels.
You visited the Abyss 1 time.

You collected 125 gold pieces.


Innate Abilities, Weirdness & Mutations

You are immune to poison.
Your flesh is cold resistant. (rC+)
You are immune to negative energy. (rN+++)
You are immune to unholy pain and torment.
You are vulnerable to heat. (rF-)
You are in touch with the powers of death.
You do not drink.


   Skills:
 + Level 4.2 Fighting
 + Level 2.9 Polearms
 - Level 1.5 Armour
 + Level 2.4 Dodging
 + Level 3.0 Invocations


You had 4 spell levels left.
You didn't know any spells.
Your spell library contained the following spells:

 Spells                   Type           Power      Damage    Failure   Level
 Slow                     Hex            0%         N/A       52%         1
 Conjure Flame            Conj/Fire      0%         6-21      88%         3
 Ignite Poison            Fire/Tmut/Pois 0%         N/A       88%         3
 Sticky Flame             Conj/Fire      0%         2d3       99%         4

Inventory:

Hand Weapons
 a - a +1 spear (weapon)
 i - a +0 hunting sling
   (You took it off a goblin on level 2 of the Dungeon)
Missiles
 e - 49 stones
Armour
 b - a +0 leather armour
 d - a +0 leather armour
   (You found it on level 3 of the Dungeon)
 h - a +0 ring mail (worn)
   (You found it on level 2 of the Dungeon)
 j - a +0 chain mail
   (You found it on level 2 of the Dungeon)
 m - a +0 robe
   (You found it on level 2 of the Dungeon)
 n - a +0 cloak (worn)
   (You found it on level 2 of the Dungeon)
Scrolls
 c - a scroll of fog
 f - a scroll of amnesia
 k - a scroll of identify {@r1}
 p - a scroll of vulnerability {!r!r}

Dungeon Overview and Level Annotations

Branches:
Dungeon (3/15)

Altars:
Dithmenos
Zin

Annotations:
Abyss:1 Terence

#.#..##.# ##.#
#.## ##.###
#.......###..#
#.# #.# .
#........#####
####.# #.###
#........# #≈
≈#≈### #....
#........# ≈≈
≈#≈# #####
#......#.#
#r##≈ ≈#
#...(..r.#
#≈#≈≈ ≈#
##.....#.#
#≈#≈##≈#
#######r#
#≈#rr@≈# #.#
#≈#r#### #.#
#≈≈rrrr#
#÷########≈#
#.≈≈≈≈≈rr≈≈#
#.≈≈#≈#≈######
#..≈.≈≈≈≈≈...#
#......≈.....#
#............#


You could see 3 river rats.


Message History

The ball python constricts you.
You barely miss the adder. The adder bites you.
The ball python bites you but does no damage.
The ball python constricts you. 😮 HP[-2]
You take 2 damage, and now have 29/42 hp.
You hit the adder but do no damage. The adder bites you but does no damage.
The ball python bites you.
The ball python constricts you. 😮 HP[-3]
You take 3 damage, and now have 26/42 hp.
You miss the adder. The adder barely misses you.
The ball python bites you but does no damage.
The ball python constricts you.
You hit the adder. The adder bites you.
The ball python bites you but does no damage.
The ball python constricts you.
The adder bites you but does no damage. 😮 HP[-2]
You take 2 damage, and now have 24/42 hp.
You hit the adder.
The ball python bites you but does no damage.
The ball python constricts you. The adder barely misses you.
You hit the adder.
You kill the adder!
Lugonu accepts your kill. The ball python bites you.
The ball python constricts you. The ball python completely misses you.
The ball python constricts you. 😮 HP[-1]
You take 1 damage, and now have 23/42 hp.
You escape the ball python's grasp.
You see here an adder corpse. 😮 HP[+1]
The ball python bites you but does no damage.
The ball python closely misses you. The ball python bites you.
The ball python grabs you.
The ball python constricts you. 😮 HP[-1]
You take 1 damage, and now have 23/42 hp.
The ball python's grasp on you weakens, but your attempt to escape fails.
The walls and floor vibrate strangely for a moment.
The rat closely misses you.
The ball python bites you but does no damage.
The ball python constricts you.
You escape the ball python's grasp.
The ball python attacks as you move away!
The ball python completely misses you.
The rat bites you but does no damage. x2
The ball python bites you but does no damage.
The ball python grabs you. The ball python constricts you.
You escape the ball python's grasp. 😮 HP[+1]
The ball python bites you but does no damage.
The ball python completely misses you. The ball python barely misses you.
The ball python grabs you. The ball python constricts you.
Okay, then.
Your unstable footing causes you to fumble your attack.
The ball python bites you but does no damage.
The ball python constricts you.
You hit the ball python.
You kill the ball python!
Lugonu accepts your kill.
The river rat twitches its whiskers.
Your unstable footing causes you to fumble your attack.
The river rat closely misses you.
You closely miss the river rat.
The river rat barely misses you. 😮 HP[+1]
You closely miss the river rat.
The river rat bites you but does no damage.
You closely miss the river rat. The river rat bites you.
* * * LOW HITPOINT WARNING * * *
😨 HP[-6]
You take 6 damage, and now have 19/42 hp.
Your unstable footing causes you to fumble your attack.
The river rat twitches its whiskers.
The river rat bites you.
* * * LOW HITPOINT WARNING * * *
😨 HP[-5]
You take 5 damage, and now have 14/42 hp.
You closely miss the river rat. The river rat barely misses you.
You hit the river rat. The river rat bites you.
* * * LOW HITPOINT WARNING * * *
😱 HP[-5]
You take 5 damage, and now have 9/42 hp.
Your unstable footing causes you to fumble your attack.
The river rat closely misses you.
Your unstable footing causes you to fumble your attack. 😱 HP[+1]
You hit the river rat but do no damage. The river rat bites you.
* * * LOW HITPOINT WARNING * * *
The river rat twitches its whiskers. 😱 HP[-5]
You take 5 damage, and now have 5/42 hp.
You hit the river rat but do no damage. The river rat completely misses you.
You hit the river rat but do no damage. The river rat bites you.
* * * LOW HITPOINT WARNING * * *
😱 HP[-2]
You take 2 damage, and now have 3/42 hp.
Your unstable footing causes you to fumble your attack.
The river rat bites you!
You die...

Skill      XL: |  1  2  3  4  5 |
---------------+----------------+-----
Dodging        | 1 2 |  2.4
Invocations    | 2 3 |  3.0
Polearms       | 2 |  2.9
Fighting       | 4 |  4.2
Armour         | |  1.5

Action                   |  1- 3 |  4- 6 || total
-------------------------+-------+-------++-------
Melee: Spear             |   154 |   174 ||   328
       Punch             |       |     2 ||     2
 Fire: Hunting sling     |    16 |       ||    16
Throw: Stone             |     1 |       ||     1
Invok: Bend Space        |     9 |     3 ||    12
       Banish            |       |     1 ||     1
  Use: Scroll            |       |     8 ||     8
 Stab: Sleeping          |     1 |       ||     1
Armor: Leather armour    |    26 |       ||    26
       Ring mail         |    26 |    88 ||   114
Dodge: Dodged            |   104 |   134 ||   238

Levels and vault maps discovered:
D:1:      elethiomel_arrival_fortress_basement, layout_basic,
          shapermc_ecumenical_altar_rom_forum, kennysheep_pointless_box,
          grunt_decor_cap
D:2:      layout_rooms, basic_altar, dk_noncrumbling_4, minmay_nonomino_d4,
          uniq_terence
D:3:      layout_rooms, mainiacjoe_overflow_catwalk, lightli_sewer_entry_pipes,
          serial_shops, shop, minmay_misc_feat_square, uniq_jessica,
          uniq_natasha, uniq_crazy_yiuf_cottage, uniq_sigmund

Notes
Turn   | Place    | Note
-------+----------+-------------------------------------------
     0 | Abyss:1  | spiderkeys the Mummy Abyssal Knight began the quest for the
                  | Orb.
     0 | Abyss:1  | Reached XP level 1. HP: 18/18 MP: 2/2
     0 | Abyss:1  | magus.rc [v1.11.3]
    17 | D:1      | You pass through the gate.
    17 | D:1      | Escaped the Abyss
   140 | D:1      | Reached skill level 1 in Dodging
   188 | D:1      | Found a faded altar of an unknown god.
   200 | D:1      | Got Plato's Catalogue of Hexes
   213 | D:1      | Reached XP level 2. HP: 22/24 MP: 3/3
   639 | D:1      | Reached skill level 2 in Invocations
   954 | D:1      | Reached skill level 2 in Polearms
   954 | D:1      | Gained mutation: You are in touch with the powers of death.
                  | [Mummy growth]
   954 | D:1      | Reached XP level 3. HP: 29/29 MP: 4/4
  1500 | D:2      | Reached *** piety under Lugonu
  1713 | D:2      | Noticed a necrophage
  2187 | D:2      | Killed a necrophage
  2188 | D:2      | Reached XP level 4. HP: 22/37 MP: 1/5
  2501 | D:2      | Reached skill level 2 in Dodging
  2530 | D:2      | Noticed Terence
  2551 | D:2      | Banished Terence
  2552 | D:2      | Reached XP level 5. HP: 18/42 MP: 1/7
  3013 | D:3      | Found a shadowy altar of Dithmenos.
  3038 | D:3      | You add the spells Conjure Flame, Ignite Poison and Sticky
                  | Flame to your library.
  3150 | D:3      | Noticed Natasha
  3162 | D:3      | Killed Natasha
  3163 | D:3      | Reached skill level 4 in Fighting
  3227 | D:3      | Reached skill level 3 in Invocations
  3250 | D:3      | HP: 8/42 [adder (3)]
  3257 | D:3      | HP: 5/42 [adder (1)]
  3269 | D:3      | HP: 3/42 [river rat (3)]
  3610 | D:3      | HP: 9/42 [river rat (5)]
  3615 | D:3      | HP: 3/42 [river rat (2)]
  3616 | D:3      | Slain by a river rat

Vanquished Creatures
  A necrophage (D:2)
  Natasha (D:3)
  8 adders
  A worm (D:2)
  3 dart slugs
  5 ball pythons
  9 endoplasms
  3 giant cockroaches (D:1)
  3 goblins
  3 hobgoblins
  8 jackals
  3 quokkas
  5 bats
  4 frilled lizards
  4 kobolds
  4 rats
65 creatures vanquished.

Table legend:
 A = Non-vault XP
 B = Vault XP
 C = Vault XP percentage of total XP
 D = Non-vault monster count
 E = Vault monster count
 F = Vault count percentage of total count
                 A         B        C        D         E       F
            +---------+---------+-------+---------+---------+-------
      Total |     102 |     266 |  72.3 |      48 |      18 |  27.3
            +---------+---------+-------+---------+---------+-------
        D:1 |      47 |       1 |   2.1 |      24 |       1 |   4.0
        D:2 |      44 |     135 |  75.4 |      17 |       7 |  29.2
        D:3 |      11 |     130 |  92.2 |       7 |      10 |  58.8
            +---------+---------+-------+---------+---------+-------

Illustrated notes

Table legend:
 A = Kills in this place as a percentage of kills in entire the game.
 B = Kills by you in this place as a percentage of kills by you in the entire game.
 C = Kills by friends in this place as a percentage of kills by friends in the entire game.
 D = Other kills in this place as a percentage of other kills in the entire game.
 E = Experience gained in this place as a percentage of experience gained in the entire game.
 F = Experience gained in this place divided by the number of levels of this place that you have seen.
                   A       B       C       D       E      F
               +-------+-------+-------+-------+-------+----------------------
         Total | 100.0 | 100.0 |   N/A | 100.0 | 100.0 |  92.0
       Dungeon | 100.0 | 100.0 |   N/A | 100.0 | 100.0 | 122.7
               +-------+-------+-------+-------+-------+----------------------

Table legend: (Time is in decaauts)
 A = Elapsed time spent in this place.
 B = Non-inter-level travel time spent in this place.
 C = Inter-level travel time spent in this place.
 D = Time resting spent in this place.
 E = Time spent auto-exploring this place.
 F = Levels seen in this place.
 G = Mean time per level.
                   A        B        C        D        E       F      G
               +--------+--------+--------+--------+--------+-----+--------+
         Total |   3639 |   3527 |    112 |    653 |   2075 |   4 |  909.8 |
       Dungeon |   3621 |   3509 |    112 |    653 |   2063 |   3 | 1207.0 |
         Abyss |     17 |     17 |      0 |      0 |     12 |   1 |   17.0 |
               +--------+--------+--------+--------+--------+-----+--------+

Top non-repeatable levels by time:
     D:1: 1743 daAuts
     D:2: 1526 daAuts
     D:3: 352 daAuts
 Abyss:1: 17 daAuts
